 Dungeon Crawl Stone Soup version 0.23.1-37-gaa34b87 (webtiles) character file.

Game seed: 27247045340406817

184 Moltybleed the Shield-Bearer (level 5, -1/46 HPs)
             Began as a Minotaur Fighter on Mar 27, 2019.
             Killed from afar by an orc wizard (3 damage)
             ... with a puff of frost
             ... on level 3 of the Dungeon.
             The game lasted 00:04:32 (1800 turns).

Moltybleed the Shield-Bearer (Minotaur Fighter)     Turns: 1800, Time: 00:04:32

Health: -1/46      AC: 10    Str: 21    XL:     5   Next: 36%
Magic:  4/4        EV:  6    Int:  5    God:
Gold:   205        SH: 10    Dex: 10    Spells: 4/4 levels left

rFire    . . .     SeeInvis .   a - +0 long sword
rCold    . . .     Gourm    .   c - +0 shield
rNeg     . . .     Faith    .   e - +0 chain mail
rPois    .         Spirit   .   (helmet restricted)
rElec    .         Reflect  .   j - +0 cloak (curse)
rCorr    .         Harm     .   (no gloves)
MR       .....                  (no boots)
Stlth    ..........             (no amulet)
HPRegen  0.15/turn              (no ring)
MPRegen  0.09/turn              (no ring)

@: no status effects
A: retaliatory headbutt, horns 2
a: no special abilities


You were on level 3 of the Dungeon.
You were not hungry.

You visited 1 branch of the dungeon, and saw 3 of its levels.

You collected 205 gold pieces.

Inventory:

Hand Weapons
 a - a +0 long sword (weapon)
Armour
 b - a +0 scale mail
 c - a +0 shield (worn)
 e - a +0 chain mail (worn)
 j - a cursed +0 cloak (worn)
Jewellery
 i - an uncursed ring of flight {unknown}
Scrolls
 h - 2 scrolls of noise {unknown}
 k - a scroll of identify {unknown}
 m - a scroll of immolation {unknown}
Potions
 d - a potion of might
 l - a potion of ambrosia {unknown}
Comestibles
 f - 5 rations
 g - 5 chunks of flesh


   Skills:
 + Level 4.1 Fighting
 * Level 5.0 Long Blades
 - Level 3.8 Armour
 + Level 1.3 Dodging
 + Level 0.1 Stealth
 + Level 5.0 Shields


You had 4 spell levels left.
You didn't know any spells.
Your spell library was empty.

Dungeon Overview and Level Annotations

Branches:
Dungeon (3/15)

Altars:
Yredelemnul

Annotations:
D:2 Sigmund


Innate Abilities, Weirdness & Mutations

You reflexively headbutt those who attack you in melee.
You have a pair of horns on your head.


Message History

You are too injured to fight recklessly!
You hear some strange, mumbled words.
A puff of flame appears from out of thin air!
You block the puff of flame.
A magic dart appears from out of thin air!
The magic dart hits you.
The orc priest mumbles some strange prayers to Beogh against you.
Beogh smites you!
* * * LOW HITPOINT WARNING * * *
A puff of flame appears from out of thin air!
The puff of flame hits you.
* * * LOW HITPOINT WARNING * * *
A puff of frost appears from out of thin air!
The puff of frost hits you.
* * * LOW HITPOINT WARNING * * *
Things that are here:
a cursed +0 dagger; a goblin skeleton A puff of frost appears from out of thin air!
The puff of frost hits you.
You die...

..oS....^....##..#......##.#..
.#o#....#............#####....
#o##...............# #.....
##)##...###...#..... .......
#..########..#...#..# ...##..
.###.### ###...(.....#.# .##....
...)...###)..#....##.... .....
.........o.o............. .......
#####..........#@##.###..###.....
#..........##....# ##........#
###.......###...............##
#........###....###......#
#...####... .##......#...###
#.... .....####....##...## ######
...................
###....)........ ##........)...


You could see an orc priest and an orc.

Vanquished Creatures
  2 orc wizards (D:3)
  Terence (D:2)
  3 adders (D:2)
  An ooze (D:2)
  3 dart slugs
  A leopard gecko (D:3)
  5 orcs (D:3)
  5 bats
  2 giant cockroaches
  7 hobgoblins
  2 jackals (D:2)
  4 ball pythons
  4 frilled lizards
  4 goblins
  11 kobolds
  6 rats
61 creatures vanquished.

Notes
Turn   | Place    | Note
-------+----------+-------------------------------------------
     0 | D:1      | Moltybleed the Minotaur Fighter began the quest for the
                  | Orb.
     0 | D:1      | Reached XP level 1. HP: 19/19 MP: 0/0
   299 | D:1      | Reached XP level 2. HP: 27/27 MP: 1/1
   842 | D:2      | Reached XP level 3. HP: 23/33 MP: 2/2
  1000 | D:2      | Noticed Sigmund
  1054 | D:2      | Reached skill level 1 in Dodging
  1164 | D:2      | Reached XP level 4. HP: 40/40 MP: 3/3
  1223 | D:2      | Noticed Terence
  1228 | D:2      | Killed Terence
  1408 | D:3      | Found a basalt altar of Yredelemnul.
  1443 | D:3      | Reached XP level 5. HP: 29/46 MP: 4/4
  1566 | D:3      | Reached skill level 5 in Shields
  1628 | D:3      | Reached skill level 5 in Long Blades
  1794 | D:3      | HP: 1/46 [something/puff of frost (2)]
  1800 | D:3      | Killed from afar by an orc wizard

Skill      XL: |  1  2  3  4  5 |
---------------+----------------+-----
Shields        | 4 5 |  5.0
Fighting       | 4 |  4.1
Long Blades    | 3 4 5 |  5.0
Dodging        | 1 |  1.3
Armour         | |  3.8
Stealth        | |  0.1

Action                   |  1- 3 |  4- 6 || total
-------------------------+-------+-------++-------
Melee: Long sword        |   115 |    91 ||   206
       Headbutt          |    14 |    11 ||    25
  Eat: Chunk             |     1 |     2 ||     3
Armor: Chain mail        |    59 |    45 ||   104
Dodge: Dodged            |    27 |    18 ||    45
Block: Shield            |    72 |    34 ||   106
       Rpst.: Long sword |     7 |     5 ||    12
